 Dungeon Crawl Stone Soup version 0.31-a0-1202-ga8fea8b373 (webtiles) character file.

Game seed: 16503558606153946991

612853 Malachi the Crack Shot (level 26, -4/224 (239) HPs)
             Began as a Demonspawn Gladiator on Dec 12, 2023.
             Was a High Priest of Jiyva.
             Slain by an emperor scorpion (7 damage)
             ... summoned by a royal mummy
             ... on level 1 of the Tomb of the Ancients.
             The game lasted 02:06:46 (46137 turns).

Malachi the Crack Shot (Demonspawn Gladiator)      Turns: 46137, Time: 02:06:46

HP:   -4/224 (239)  AC: 25    Str: 25    XL:     26   Next: 29%
MP:   23/23         EV: 36    Int:  7    God:    Jiyva [*****.]
Gold: 1860          SH: 12    Dex: 20    Spells: 25/25 levels left

rFire   + + +        R - +9 triple crossbow "X" {drain, rElec Dex-2 Stlth+}
rCold   . . .        (shield currently unavailable)
rNeg    . . .        s - quicksilver dragon scales
rPois   .            S - +0 helmet of Asceticism {Rampage rElec Regen+}
rElec   +            w - scarf "Erept" {harm, rF+ Regen+}
rCorr   +            (gloves unavailable)
SInv    +            (boots unavailable)
Will    +++..        x - amulet of regeneration
Stlth   ++++++++     m - ring of Hospitality {^Drain rF++ SInv Stlth+}
HPRegen 4.41/turn    j - ring of the Hare {EV+10}
MPRegen 0.63/turn

%: harm (+30% outgoing, +20% incoming), repel missiles, clarity, rampage
@: calling ooze, slowed, drained, very slow
A: repulsion field 3, icemail 2, powered by death 3, black mark, condensation
shield, bedeviling, demonic touch 3, talons 3, large bone plates 3, clarity,
strong-willed 1, mutation resistance 1, sense surroundings 2, robust 1, strong
2, gelatinous body 1, tendrils, MP-powered wands
}: 4/15 runes: decaying, slimy, silver, gossamer
a: Renounce Religion, Oozemancy, Slimify


You were on level 1 of the Tomb of the Ancients.
You worshipped Jiyva.
Jiyva was extremely pleased with you.
You visited 11 branches of the dungeon, and saw 51 of its levels.
You visited the Abyss 1 time.
You also visited: Bailey, Gauntlet, Ice Cave, Volcano and Wizlab.

You collected 4612 gold pieces.
You spent 2752 gold pieces at shops.

Inventory:

Hand Weapons
 e - a +9 quick blade of protection
 R - the +9 triple crossbow "X" (weapon) {drain, rElec Dex-2 Stlth+}
   (You found it on level 3 of the Elven Halls)

   Dex-2:     It affects your dexterity (-2).
   rElec:     It insulates you from electricity.
   Stlth+:    It makes you more stealthy.
Missiles
 d - 3 throwing nets
Armour
 s - quicksilver dragon scales (worn)
 w - the scarf "Erept" (worn) {harm, rF+ Regen+}
   (You found it on level 3 of the Swamp)

   rF+:       It protects you from fire.
   Regen+:    It increases your rate of health regeneration.
 A - a scarf of resistance
 S - the +0 helmet of Asceticism (worn) {Rampage rElec Regen+}
   (You found it in a Gauntlet)

   rElec:     It insulates you from electricity.
   Regen+:    It increases your rate of health regeneration.
   Rampage:   It bestows one free step when moving towards enemies.
 T - the +3 helmet of Qugefeg {+Inv rPois Regen+}
   (You found it on level 3 of the Elven Halls)

   rPois:     It protects you from poison +Inv: It lets you turn invisible.
   Regen+:    It increases your rate of health regeneration.
 U - a +2 pair of boots of flying
 Z - +7 swamp dragon scales
Jewellery
 j - the ring of the Hare (right hand) {EV+10}
   (You acquired it on level 10 of the Dungeon)

   [ring of evasion]

   EV+10:     It affects your evasion (+10).
 k - the amulet "Wunu" {Spirit rF++}
   (You took it off an ironbound convoker on level 5 of the Vaults)

   [amulet of guardian spirit]

   Spirit:    It causes incoming damage to be divided between your reserves of
   health and magic.
   rF++:      It greatly protects you from fire.
 m - the ring of Hospitality (left hand) {^Drain rF++ SInv Stlth+}
   (You found it on level 3 of the Depths)

   [ring of see invisible]

   rF++:      It greatly protects you from fire.
   SInv:      It lets you see invisible.
   ^Drain:    It drains your maximum health when unequipped.
   Stlth+:    It makes you more stealthy.
 t - the ring of Daffodils {rN+ Str+4}
   (You found it on level 3 of the Crypt)

   [ring of positive energy]

   Str+4:     It affects your strength (+4).
   rN+:       It protects you from negative energy.
 x - an amulet of regeneration (around neck)
 D - an amulet of the acrobat
 H - the ring of the Telling Gods {rN+ Str+7 Dex-3}
   (You took it off a deep elf demonologist on level 3 of the Elven Halls)

   [ring of positive energy]

   Str+7:     It affects your strength (+7).
   Dex-3:     It affects your dexterity (-3).
   rN+:       It protects you from negative energy.
 V - the ring of Ererphuxa {rC++ rN+ Str+3 Slay+3}
   (You took it off a deep elf death mage on level 3 of the Crypt)

   [ring of positive energy]

   Str+3:     It affects your strength (+3).
   Slay+3:    It affects your accuracy & damage with ranged weapons and melee
   (+3).
   rC++:      It greatly protects you from cold.
   rN+:       It protects you from negative energy.
Talismans
 r - the death talisman of Midsummer {rElec}
   (You found it on level 3 of the Vaults)

   [talisman of death]

   rElec:     It insulates you from electricity.
Wands
 b - a wand of quicksilver (34)
 y - a wand of digging (35)
 B - a wand of charming (12)
 F - a wand of roots (15)
 I - a wand of mindburst (31)
 N - a wand of flame (9)
Scrolls
 f - 12 scrolls of teleportation
 i - 5 scrolls of fog
 l - 5 scrolls of immolation
 p - 3 scrolls of poison
 v - 2 scrolls of revelation
 E - a scroll of silence
 Q - 11 scrolls of blinking
 X - 4 scrolls of butterflies
Potions
 c - 4 potions of invisibility
 g - 4 potions of heal wounds
 h - 2 potions of haste
 n - 11 potions of ambrosia
 o - a potion of magic
 q - 2 potions of might
 u - 5 potions of curing
 z - 4 potions of enlightenment
 C - a potion of mutation
 G - 2 potions of cancellation
 J - 2 potions of resistance
 K - a potion of berserk rage
 O - a potion of attraction
 P - 10 potions of brilliance
Miscellaneous
 L - a box of beasts
 M - a phial of floods
 W - a phantom mirror


   Skills:
 - Level 20.0 Fighting
 - Level 13.7(14.0) Short Blades
 - Level 3.6(9.6) Long Blades
 - Level 26.0 Ranged Weapons
 - Level 3.0 Throwing
 - Level 15.0 Armour
 - Level 15.0 Dodging
 - Level 15.0 Stealth
 - Level 15.0 Evocations
 + Level 6.4 Shapeshifting


You had 25 spell levels left.
You didn't know any spells.
Your spell library contained the following spells:

 Spells                   Type           Power      Damage    Failure   Level
 Freeze                   Ice            0%         1d3       52%         1
 Kiss of Death            Conj/Necr      0%         2d5       52%         1
 Magic Dart               Conj           0%         1d3       52%         1
 Necrotise                Necr           0%         1d4       52%         1
 Shock                    Conj/Air       0%         1d3       52%         1
 Summon Small Mammal      Summ           0%         N/A       52%         1
 Blink                    Tloc           0%         N/A       67%         2
 Ensorcelled Hibernation  Hex/Ice        0%         N/A       67%         2
 Scorch                   Fire           0%         2d5       67%         2
 Searing Ray              Conj           0%         2d4       67%         2
 Call Canine Familiar     Summ           0%         N/A       88%         3
 Confusing Touch          Hex            0%         N/A       88%         3
 Dazzling Flash           Conj/Hex       0%         N/A       88%         3
 Hailstorm                Conj/Ice       0%         3d5       88%         3
 Ozocubu's Armour         Ice            0%         N/A       88%         3
 Sigil of Binding         Hex            0%         N/A       88%         3
 Tukima's Dance           Hex            0%         N/A       88%         3
 Vampiric Draining        Necr           0%         2d6       88%         3
 Volatile Blastmotes      Fire/Tloc      0%         2d10      88%         3
 Animate Armour           Summ/Erth      0%         N/A       99%         4
 Brom's Barrelling Bould  Conj/Erth      0%         2d3       99%         4
 Dimensional Bullseye     Hex/Tloc       0%         N/A       99%         4
 Dispel Undead            Necr           0%         3d6       99%         4
 Flame Wave               Conj/Fire      0%         2d4       99%         4
 Fulminant Prism          Conj/Hex       0%         3d5       99%         4
 Iskenderun's Mystic Bla  Conj/Tloc      0%         2d3       99%         4
 Leda's Liquefaction      Hex/Erth       0%         N/A       99%         4
 Manifold Assault         Tloc           0%         N/A       99%         4
 Passage of Golubria      Tloc           0%         N/A       99%         4
 Sticky Flame             Conj/Fire      0%         2d3       99%         4
 Summon Ice Beast         Ice/Summ       0%         N/A       99%         4
 Summon Lightning Spire   Summ/Air       0%         N/A       99%         4
 Agony                    Necr           0%         N/A       100%        5
 Fireball                 Conj/Fire      0%         3d3       100%        5
 Iskenderun's Battlesphe  Conj           0%         2d6       100%        5
 Lee's Rapid Deconstruct  Erth           0%         3d4*      100%        5
 Metabolic Englaciation   Hex/Ice        0%         N/A       100%        5
 Silence                  Hex/Air        0%         N/A       100%        5
 Summon Mana Viper        Hex/Summ       0%         N/A       100%        5
 Yara's Violent Unravell  Hex/Tmut       0%         3d3       100%        5
 Conjure Ball Lightning   Conj/Air       0%         3x3d6     100%        6
 Plasma Beam              Fire/Air       0%         2x1d10    100%        6
 Simulacrum               Ice/Necr       0%         N/A       100%        6
 Summon Cactus Giant      Summ           0%         N/A       100%        6
 Malign Gateway           Summ/Tloc      0%         N/A       100%        7
 Monstrous Menagerie      Summ           0%         N/A       100%        7
 Orb of Destruction       Conj           0%         9d5       100%        7
 Ozocubu's Refrigeration  Ice            0%         4d7       100%        7
 Ignition                 Fire           0%         3d3       100%        8
 Infestation              Necr           0%         N/A       100%        8
 Summon Horrible Things   Summ           0%         N/A       100%        8
 Chain Lightning          Conj/Air       0%         N/A       100%        9
 Polar Vortex             Ice            0%         N/A       100%        9


Dungeon Overview and Level Annotations

Branches:
Dungeon (15/15)            Temple (0/1) D:7            Lair (5/5) D:8
  Swamp (4/4) Lair:3       Spider (4/4) Lair:3        Slime (5/5) Lair:4
    Orc (2/2) D:10            Elf (3/3) Orc:2        Vaults (5/5) D:14
  Crypt (3/3) Vaults:2       Tomb (1/3) Crypt:3      Depths (4/4) D:15
    Zot (0/5) Depths:4     Bailey (visited)           IceCv (visited)
Volcano (visited)          WizLab (visited)         Gauntlet (visited)

Altars:
Ashenzari
Dithmenos
Fedhas
Hepliaklqana
Kikubaaqudgha
Okawaru
Ru
Sif Muna
Trog
Yredelemnul
Jiyva
Lugonu

Shops:
D:7 [   D:8 *   Orc:1 (   Orc:2 ?[?(   Elf:3 **=   Vaults:1 *   Vaults:3 (
Depths:1 =(   Depths:2 ==:

Portals:
Hell: Depths:1 Depths:2 Depths:3 Depths:4
Abyss: Lair:5 Depths:1 Depths:2 Depths:3
Pandemonium: Depths:2 Depths:4
Ziggurat: Depths:3
Bazaar: Elf:2

Annotations:
Slime:5 Royal Jelly


Innate Abilities, Weirdness & Mutations

You are surrounded by a strong repulsion field. (EV +4, RMsl)
A meltable icy envelope protects you from harm. (AC +8)
You regenerate a lot of health from kills.
Your melee attacks may debilitate your foes.
A meltable shield of frost defends you. (SH +4)
Your hexes are more powerful.
Your touch may irresistibly damage your foes and sap their willpower.
You have claws for feet.
You are completely covered in large bone plates. (SH +8)
You possess an exceptional clarity of mind.
You are strong-willed. (Will+)
You are somewhat resistant to further mutation.
You passively map the area around you.
You are robust. (+10% HP)
Your muscles are very strong. (Str +8, Int/Dex -2)
Your rubbery body absorbs attacks. (AC +1, EV +1)
You are covered in slimy tendrils that may disarm your opponents.
You expend magic power (3 MP) to strengthen your wands.


Message History

You block the death scarab's attack.
The wall burns the emperor scorpion!
The royal mummy calls on the powers of darkness!
Your body is wracked with pain!
* * * LOW HITPOINT WARNING * * *
The emperor scorpion convulses!
The sphinx convulses!
The walls burn the emperor scorpion!
You hear a faint skittering sound.
Fire: R) +9 triple crossbow "X" {drain, rElec Dex-2 Stlth+}
Press: ? - help, Q - select action, (/) - cycle Shift-Dir - straight line, f - royal mummy, p - death scarab
Aim: a royal mummy (heavily damaged, 87% to hit)
You shoot a bolt. The bolt hits the royal mummy!!
The royal mummy is severely damaged.
You feel sick.
You are no longer poisoned.
The death scarab misses you. The death scarab bites you.
* * * LOW HITPOINT WARNING * * *
The death scarab drains your vigour!
You feel as though you will be slow longer.
The death scarab draws strength from your injuries!
The walls burn the emperor scorpion!
The emperor scorpion completely misses you.
You block the emperor scorpion's attack.
The emperor scorpion misses you. The royal mummy casts a spell at you.
Something smites you!
* * * LOW HITPOINT WARNING * * *
Fire: R) +9 triple crossbow "X" {drain, rElec Dex-2 Stlth+}
Press: ? - help, Q - select action, (/) - cycle Shift-Dir - straight line, f/p - royal mummy
Aim: a royal mummy (severely damaged, 87% to hit)
You shoot a bolt. The bolt hits the royal mummy!
The royal mummy is severely damaged.
The death scarab disappears in a puff of smoke! x3
The walls burn the emperor scorpion!
The emperor scorpion misses you.
The emperor scorpion claws you but does no damage.
You block the emperor scorpion's attack.
The royal mummy gestures at you while chanting.
Something smites you!
* * * LOW HITPOINT WARNING * * *
The walls burn the emperor scorpion!
The emperor scorpion stings you.
You die...

**
####...######
* , , ,
............,,
, , , ,
...8...8... ,
8 , , ,
....§..... , ,
,, *#......§ *
** , , ,
##'''''## ,, ,
, , #.......#
,,, , , * *,
#.8...8s# ,* *
, #....§M@#* ,
*, * *
#.....§.#*,, ,
* * *
#.8..H8.# ^* ,
, , , ,,
#.......# , ,,
, #.......#* >
** #.8...8.# *
* , #.......#
, , ,,, ,, ,
#.......# , ,
* * #.8...8.#
* * *


You could see a royal mummy, an emperor scorpion (summoned) and a sphinx.

Vanquished Creatures
  A dread lich (Crypt:3)
  2 ancient liches (Vaults:5)
  Frederick (Vaults:3)
  A juggernaut (Depths:2)
  Bai Suzhen (Vaults:3)
  A Head Instructor (WizLab)
  7 caustic shrikes
  5 golden dragons
  3 bone dragons
  A shard shrike zombie (Crypt:1)
  Arachne (Spider:4)
  6 tentacled monstrosities
  A walking crystal tome (Depths:3)
  Asterion (Spider:2)
  Rupert (Lair:5)
  A walking earthen tome (Depths:3)
  2 liches
  A deep elf master archer (Elf:3)
  3 quicksilver dragons
  Agnes (Spider:4)
  A deep elf blademaster (Elf:3)
  A titan (Vaults:5)
  2 ancient champions
  A tentacled starspawn (Abyss:3)
  6 sphinxes
  An Executioner (Elf:2)
  8 tengu reavers
  9 shadow dragons
  2 thorn hunters (Swamp:4)
  3 fenstrider witches (Swamp:4)
  2 revenants
  3 storm dragons (Vaults:5)
  The ghost of Naiq the Unseen, an adept VSBr of Uskayaw (Spider:2)
  7 fire giants
  10 frost giants
  6 ghost moths
  11 deep elf sorcerers
  2 iron dragons (Depths:2)
  A draconian scorcher (Depths:4)
  7 emperor scorpions
  4 spectral caustic shrikes (Depths:4)
  A caustic shrike zombie (Crypt:2)
  6 ghouls
  18 vault wardens
  An orc warlord (Vaults:4)
  3 spriggan defenders
  A curse skull (Crypt:2)
  7 war gargoyles
  A draconian annihilator (Depths:4)
  5 deep elf elementalists (Elf:3)
  A reaper (Abyss:3)
  The ghost of Bizboz the Fetichist, an adept DjAE of Qazlal (Elf:2)
  A draconian stormcaller (Depths:4)
  16 very ugly things
  13 stone giants
  6 broodmothers
  8 ironbound thunderhulks
  18 ironbound preservers
  7 deep elf demonologists
  A green draconian (Depths:4)
  6 vampire knights
  4 bunyips
  7 deep elf annihilators
  A red draconian (Depths:4)
  6 eleionomae
  9 dire elephants
  3 purple draconians (Depths:4)
  A yellow draconian (Depths:4)
  A minotaur (Gauntlet)
  15 spark wasps
  9 deep elf death magi
  2 crystal guardians
  A green death (Swamp:4)
  5 eidola
  9 ettins
  A blizzard demon (Swamp:4)
  A quicksilver dragon zombie (D:15)
  11 fire dragons
  3 mummy priests (Tomb:1)
  2 spriggan zombies
  8 entropy weavers
  6 deep elf high priests
  An entropy weaver (shapeshifter) (D:14)
  2 shambling mangroves (Swamp:4)
  17 jiangshi
  14 ice dragons
  3 rakshasas
  20 yaktaur captains
  A salamander tyrant (Depths:2)
  13 hydras
  A hell beast (Depths:2)
  5 radroaches
  35 vault guards
  2 jorogumos
  A sphinx zombie (D:15)
  4 ogre magi
  3 peacekeepers
  10 alligators
  7 ironbound frosthearts
  15 centaur warriors
  4 ghost crabs
  5 starcursed masses (Abyss:3)
  7 death knights
  9 boulder beetles
  25 dancing weapons
  12 two-headed ogres
  3 spriggan skeletons
  6 spriggan air magi
  A two-headed ogre (shapeshifter) (Depths:3)
  A bennu skeleton (Crypt:2)
  12 death scarabs
  3 tengu warriors (Depths:4)
  3 deep troll shamans
  9 demonic crawlers
  4 deep troll earth magi (Depths:4)
  9 vampire magi
  7 death yaks
  An occultist (WizLab)
  3 thrashing horrors (Lair:5)
  2 orc high priests
  A sun demon (Abyss:3)
  28 deep elf knights
  Sonja (Lair:5)
  Urug (D:14)
  Amaemon (Lair:3)
  15 hell knights
  4 spriggan berserkers
  A titan skeleton (Depths:2)
  4 soul eaters
  The ghost of jotaen the Spear-Bearer, a novice MiFi of Okawaru (D:7)
  2 wretched stars (Abyss:3)
  3 iron trolls
  3 salamander mystics
  2 sun moths
  7 pharaoh ants
  31 skeletal warriors
  A fire crab (Lair:4)
  8 flayed ghosts
  3 sixfirhies
  A sea snake (shapeshifter) (Depths:2)
  7 orb spiders
  4 shadow wraiths
  51 deep trolls
  6 bog bodies
  A storm dragon skeleton (D:15)
  2 golden dragon zombies
  13 spriggan druids
  5 goliath frogs
  6 large abominations
  3 swamp dragons
  An orange crystal statue (IceCv)
  8 orc knights
  A shadow demon (Abyss:3)
  A spriggan simulacrum (Tomb:1)
  21 phantasmal warriors
  2 spectral hydras
  17 deep elf archers
  30 ironbound convokers
  An obsidian statue (Volcano)
  Pikel (D:4)
  10 arcanists
  2 steelbarb worms
  3 shadow dragon zombies
  27 deep elf pyromancers
  4 harpies (Vaults:2)
  A goliath frog zombie (Crypt:2)
  A golden dragon skeleton (Depths:2)
  12 necromancers
  34 deep elf zephyrmancers
  A tengu zombie (Depths:3)
  33 ugly things
  18 lindwurms
  4 orc sorcerers
  26 wolf spiders
  A frost giant zombie (Crypt:1)
  5 cyclopes
  2 oklob plants (Lair:5)
  8 mana vipers (WizLab)
  A jorogumo zombie (Crypt:2)
  5 salamanders
  A moth of wrath (shapeshifter) (Depths:2)
  3 will-o-the-wisps
  26 elephants
  3 manticores
  A stone giant skeleton (Vaults:5)
  6 moths of wrath
  Maurice (D:12)
  A black mamba (shapeshifter) (Lair:5)
  2 dire elephant zombies (Crypt:1)
  17 vault sentinels
  4 naga magi (WizLab)
  2 kobold blastminers (Orc:2)
  An apocalypse crab (Abyss:3)
  5 smoke demons
  An ice statue (D:14)
  An unseen horror (D:11)
  12 cane toads
  A black mamba (Lair:2)
  9 torpor snails
  2 rime drakes (Lair:1)
  A centaur skeleton (Crypt:1)
  A torpor snail (shapeshifter) (Depths:2)
  2 unseen horror zombies (D:9)
  2 kobold demonologists
  7 orange demons
  8 komodo dragons
  40 yaktaurs
  An elephant slug zombie (Crypt:2)
  6 freezing wraiths
  A human zombie (Vaults:5)
  Jeremiah (D:8)
  An ice devil (Gauntlet)
  An efreet (D:14)
  5 guardian mummies (Tomb:1)
  A red devil (Volcano)
  A bloated husk (Swamp:1)
  A red draconian skeleton (Crypt:1)
  2 tengu conjurers
  7 trolls
  A golden dragon simulacrum (Depths:2)
  A death drake zombie (Crypt:2)
  A hellwing (Swamp:4)
  29 tarantellas
  2 ancient zymes (Abyss:3)
  6 meliai (Spider:2)
  A queen bee (Spider:2)
  7 raiju
  7 tyrant leeches
  15 hornets
  5 polar bears (Lair:5)
  2 harpy skeletons (Crypt:1)
  A boulder beetle zombie (Crypt:2)
  5 dream sheep
  14 blink frogs
  33 jumping spiders
  A jumping spider (shapeshifter) (Elf:2)
  74 flying skulls
  Sigmund (D:2)
  17 spriggans
  19 culicivoras
  3 shadows (Crypt:3)
  4 water elementals
  An air elemental (Elf:2)
  A wyvern (Lair:4)
  A vampire (D:13)
  5 ynoxinuls
  11 wraiths
  6 basilisks
  3 ettin skeletons
  2 ushabtiu (Tomb:1)
  2 fire elementals
  38 yaks
  12 humans (D:14)
  7 fire bats (Volcano)
  2 neqoxecs
  70 redbacks
  18 vampire mosquitoes
  A basilisk (shapeshifter) (Lair:5)
  2 steam dragons
  2 glowing shapeshifter zombies
  A human simulacrum (Vaults:5)
  15 swamp worms
  2 chaos spawn
  A harpy simulacrum (Crypt:1)
  A warg (Orc:2)
  2 great orb of eyes simulacra (IceCv)
  A hell hound (Volcano)
  25 water moccasins
  A swamp drake (Swamp:3)
  2 black bears
  A manticore zombie (Crypt:1)
  48 orc warriors
  A sky beast (D:7)
  6 ice beasts
  27 centaurs
  2 human skeletons (Vaults:5)
  5 ogres
  2 lemures (D:4)
  A phantom (D:4)
  4 slime creature simulacra (IceCv)
  4 kobold brigands
  6 bullfrogs
  7 necrophages
  6 earth elementals
  A gnoll sergeant (D:10)
  2 scorpions
  4 glowing shapeshifter simulacra (IceCv)
  13 small abominations
  14 wights
  27 killer bees
  6 howler monkeys
  9 electric eels
  5 lava snakes (Volcano)
  3 centaur zombies
  5 hounds
  10 orc priests
  Crazy Yiuf (D:3)
  A sleepcap (D:4)
  4 iguanas
  19 orc wizards
  2 killer bee zombies (D:9)
  A centaur simulacrum (D:7)
  A naga skeleton (Crypt:1)
  A hound skeleton (Crypt:1)
  6 mummies (Tomb:1)
  2 howler monkey zombies (D:9)
  Robin (D:3)
  5 gnolls
  5 adders
  A shadow imp (D:6)
  8 white imps
  7 ufetubi
  An iguana zombie (Crypt:2)
  A dart slug (D:2)
  57 orcs
  6 ball pythons
  An endoplasm (D:1)
  A giant cockroach (D:1)
  21 goblins
  18 hobgoblins
  4 jackals
  18 kobolds
  4 quokkas
  3 bats
  A frilled lizard (D:3)
  7 rats
  3 lurking horrors (Abyss:3)
  A starspawn tentacle (Abyss:3)
2235 creatures vanquished.

Vanquished Creatures (collateral kills)
  A profane servitor (Crypt:3)
  3 liches
  A deep elf blademaster (Elf:3)
  A deep elf elementalist (Elf:3)
  A mummy priest (Tomb:1)
  A radroach (Spider:2)
  2 shadow wraiths (Crypt:3)
  An orb spider (Spider:2)
  A phantasmal warrior (Crypt:3)
  An ugly thing (Lair:5)
  A large abomination (Lair:5)
  An elephant (Lair:5)
  A komodo dragon (Lair:3)
  4 dream sheep (Lair:3)
  3 yaks (Lair:3)
  3 humans (D:14)
  A starcursed mass (Abyss:3)
  A basilisk (D:14)
  A slime creature simulacrum (IceCv)
  A glowing shapeshifter simulacrum (IceCv)
  3 mummies (Tomb:1)
33 creatures vanquished.

Vanquished Creatures (others)
  2 ancient liches (Vaults:5)
  A fire giant (Vaults:5)
  A deep elf elementalist (Elf:3)
  2 quicksilver oozes (IceCv)
  An ironbound preserver (Vaults:2)
  A formless jellyfish (Vaults:1)
  Nessos (Lair:5)
  2 ironbound thunderhulks (Vaults:2)
  6 great orbs of eyes
  An entropy weaver (Vaults:2)
  A yaktaur captain (Vaults:2)
  A peacekeeper (Vaults:2)
  A hydra (D:12)
  2 ironbound frosthearts (Vaults:2)
  3 centaur warriors (D:13)
  3 deep elf knights
  A sea snake (shapeshifter) (Vaults:5)
  4 glowing orange brains
  A deep troll (Vaults:5)
  An orb spider (shapeshifter) (Vaults:5)
  An ironbound convoker (Vaults:2)
  An orange crystal statue (IceCv)
  A steelbarb worm (shapeshifter) (Vaults:5)
  4 lindwurms (Vaults:1)
  2 deep elf pyromancers
  2 deep elf zephyrmancers
  A harpy (Vaults:2)
  An ugly thing (Vaults:2)
  2 harpies (shapeshifter) (D:13)
  A kobold blastminer (Orc:2)
  2 vault sentinels
  A yaktaur (Vaults:2)
  A hornet (Swamp:4)
  2 bloated husks
  31 slime creatures
  A culicivora (Vaults:2)
  2 small abominations
  A human (shapeshifter) (Depths:2)
  2 yaks
  A steam dragon (D:9)
  A human (D:14)
  A redback (Vaults:2)
  A water moccasin (Lair:4)
  6 great orb of eyes simulacra (IceCv)
  A black bear (D:8)
  6 centaurs
  3 slime creature simulacra (IceCv)
  A phantom (D:4)
  4 bullfrogs
  A scorpion (D:8)
  A wight (D:9)
  2 glowing shapeshifter simulacra (IceCv)
  4 killer bees (D:9)
  4 howler monkeys
  An electric eel (Bailey)
  268 jellies
  2 hounds
  A centaur zombie (D:9)
  3 orc priests
  5 orc wizards
  An ogre skeleton (Crypt:1)
  A mummy (Tomb:1)
  A howler monkey zombie (D:9)
  A gnoll (Bailey)
  3 shadow imps
  2 white imps
  A lava snake zombie (Crypt:1)
  12 orcs
  An endoplasm (D:4)
  A giant cockroach (D:4)
  3 goblins
  3 hobgoblins
  5 kobolds
  A quokka (D:4)
  A hobgoblin skeleton (Crypt:1)
  12 foxfires
  3 starspawn tentacles (Abyss:3)
464 creatures vanquished.

Grand Total: 2732 creatures vanquished

Notes
Turn   | Place    | Note
-------+----------+-------------------------------------------
     0 | D:1      | Malachi the Demonspawn Gladiator began the quest for the
                  | Orb.
     0 | D:1      | Reached XP level 1. HP: 16/16 MP: 1/1
   249 | D:1      | Found a faded altar of an unknown god.
   415 | D:1      | Gained mutation: You are surrounded by a mild repulsion
                  | field. (EV +2) [demonic ancestry]
   415 | D:1      | Reached XP level 2. HP: 22/22 MP: 2/2
   789 | D:1      | Prayed at the altar of an unknown god.
   789 | D:1      | Became a worshipper of Jiyva Jaxeucet the Shapeless
   789 | D:1      | Reached * piety under Jiyva
   904 | D:2      | Gained mutation: Your touch may inflict minor irresistible
                  | damage on your foes. [demonic ancestry]
   904 | D:2      | Reached XP level 3. HP: 28/28 MP: 3/3
  1009 | D:2      | Noticed Sigmund
  1017 | D:2      | Killed Sigmund
  1018 | D:2      | Reached XP level 4. HP: 27/35 MP: 4/4
  1018 | D:2      | Reached XP level 5. HP: 32/41 MP: 5/5
  1682 | D:3      | Noticed Robin
  1704 | D:3      | Killed Robin
  1710 | D:3      | Reached ** piety under Jiyva
  1865 | D:3      | Reached XP level 6. HP: 29/47 MP: 6/6
  1867 | D:3      | Reached skill level 1 in Short Blades
  1971 | D:3      | Found a blossoming altar of Fedhas.
  2110 | D:3      | Found a runed translucent door.
  2111 | D:3      | Noticed Crazy Yiuf
  2263 | D:3      | Killed Crazy Yiuf
  2381 | D:4      | Reached *** piety under Jiyva
  2381 | D:4      | Gained mutation: You have a small jelly attached to you
                  | that senses nearby items. [Jiyva's grace]
  2381 | D:4      | Gained mutation: Your muscles are strong. (Str +4, Int/Dex
                  | -1) [Jiyva's grace]
  2381 | D:4      | Gained mutation: Your muscles are very strong. (Str +8,
                  | Int/Dex -2) [Jiyva's grace]
  2381 | D:4      | Gained mutation: Your mind is acute. (Int +4, Str/Dex -1)
                  | [Jiyva's grace]
  2455 | D:4      | Found a hazy altar of Hepliaklqana.
  2498 | D:4      | Noticed Pikel
  2511 | D:4      | Reached XP level 7. HP: 55/55 MP: 7/7
  2519 | D:4      | Killed Pikel
  2520 | D:4      | Gained mutation: A meltable shield of frost defends you.
                  | (SH +4) [demonic ancestry]
  2520 | D:4      | Reached XP level 8. HP: 60/64 MP: 8/8
  2943 | D:5      | Entered Level 5 of the Dungeon
  2956 | D:5      | Reached **** piety under Jiyva
  3098 | D:5      | Reached skill level 5 in Short Blades
  3344 | D:5      | Reached ***** piety under Jiyva
  3692 | D:6      | Lost mutation: Your muscles are very strong. (Str +8,
                  | Int/Dex -2) [Jiyva's grace]
  3692 | D:6      | Gained mutation: You are agile. (Dex +4, Str/Int -1)
                  | [Jiyva's grace]
  3692 | D:6      | Gained mutation: You are very agile. (Dex +8, Str/Int -2)
                  | [Jiyva's grace]
  3692 | D:6      | Gained mutation: You are covered in slimy tendrils that may
                  | disarm your opponents. [Jiyva's grace]
  3692 | D:6      | Gained mutation: Your translucent skin slightly reduces
                  | your foes' accuracy. (Stealth+) [Jiyva's grace]
  4127 | D:6      | Found an ancient bone altar of Kikubaaqudgha.
  4136 | D:6      | Found a broken altar of Ashenzari.
  4361 | D:7      | Found Fueluhoe's Armour Emporium.
  4400 | D:7      | Gained mutation: You are surrounded by a moderate repulsion
                  | field. (EV +3) [demonic ancestry]
  4400 | D:7      | Reached XP level 9. HP: 74/74 MP: 9/9
  4415 | D:7      | Noticed jotaen's ghost (novice MiFi)
  4436 | D:7      | Found a staircase to the Ecumenical Temple.
  4463 | D:7      | Found a shimmering blue altar of Sif Muna.
  4619 | D:7      | Reached ****** piety under Jiyva
  4636 | D:7      | Noticed a two-headed ogre
  4663 | D:7      | Killed a two-headed ogre
  4664 | D:7      | Reached skill level 10 in Fighting
  4664 | D:7      | Gained mutation: Your touch may inflict irresistible damage
                  | on your foes. [demonic ancestry]
  4664 | D:7      | Reached XP level 10. HP: 82/85 MP: 8/10
  4695 | D:7      | Found a runed translucent gate.
  4776 | D:7      | Found a runed translucent gate.
  4776 | D:7      | Found a runed translucent gate.
  4817 | D:7      | Found a bloodstained altar of Trog.
  4916 | D:7      | Killed jotaen's ghost
  5012 | D:7      | Identified a scroll of acquirement
  5217 | D:8      | Found Qiptiniz's Assorted Antiques.
  5231 | D:8      | Reached skill level 1 in Armour
  5358 | D:8      | Noticed Jeremiah
  5389 | D:8      | Killed Jeremiah
  5427 | D:8      | Lost mutation: You are very agile. (Dex +8, Str/Int -2)
                  | [Jiyva's grace]
  5427 | D:8      | Gained mutation: Your translucent skin reduces your foes'
                  | accuracy. (Stealth+) [Jiyva's grace]
  5427 | D:8      | Gained mutation: Your transparent skin significantly
                  | reduces your foes' accuracy. (Stealth+) [Jiyva's grace]
  5427 | D:8      | Gained mutation: Your rubbery body absorbs attacks. (AC +1,
                  | EV +1) [Jiyva's grace]
  5427 | D:8      | Gained mutation: Your pliable body absorbs attacks. (AC +2,
                  | EV +2) [Jiyva's grace]
  5548 | D:8      | Noticed an elephant
  5561 | D:8      | Killed an elephant
  5568 | D:8      | Noticed an elephant
  5583 | D:8      | Killed an elephant
  5586 | D:8      | Found a staircase to the Lair.
  5744 | D:9      | Reached skill level 5 in Dodging
  5781 | D:9      | Found a shadowy altar of Dithmenos.
  5811 | D:9      | Reached XP level 11. HP: 93/93 MP: 11/11
  5879 | D:9      | Found a basalt altar of Yredelemnul.
  5913 | D:9      | Identified the +3 leather armour of the Arcane {Regen+}
  6416 | D:9      | Found a sacrificial altar of Ru.
  6686 | D:10     | Entered Level 10 of the Dungeon
  6695 | D:10     | Found a staircase to the Orcish Mines.
  6701 | D:10     | Found an iron altar of Okawaru.
  6722 | D:10     | Found a flagged portal.
  6734 | Bailey   | Entered a bailey
  6798 | Bailey   | Noticed an orc knight
  6807 | Bailey   | Killed an orc knight
  6953 | Bailey   | Found an iron altar of Okawaru.
  6953 | Bailey   | Noticed an orc sorcerer
  6975 | Bailey   | Killed an orc sorcerer
  6976 | Bailey   | Reached skill level 5 in Armour
  6995 | Bailey   | Identified the +0 rapier "Susoij" {flame, +Blink Will+
                  | Str+3 Dex+3}
  7204 | D:10     | Noticed a two-headed ogre
  7214 | D:10     | Killed a two-headed ogre
  7247 | D:10     | Noticed a two-headed ogre
  7259 | D:10     | Killed a two-headed ogre
  7306 | D:10     | Lost mutation: You are agile. (Dex +4, Str/Int -1) [Jiyva's
                  | grace]
  7306 | D:10     | Gained mutation: Your system is resistant to poisons.
                  | (rPois) [Jiyva's grace]
  7306 | D:10     | Gained mutation: You have sharp toenails. [Jiyva's grace]
  7306 | D:10     | Gained mutation: You have razor-sharp toenails. [Jiyva's
                  | grace]
  7306 | D:10     | Gained mutation: You have claws for feet. [Jiyva's grace]
  7656 | D:10     | Noticed a salamander mystic
  7657 | D:10     | Found the +3 salamander hide armour {Flames, rFlCloud rF++
                  | rC--}
  7667 | D:10     | Killed a salamander mystic
  7683 | D:10     | Acquired 552 gold pieces
  7690 | D:10     | Acquired a +0 quick blade of flaming
  7693 | D:10     | Acquired the ring of the Hare {EV+10}
  7693 | D:10     | Found the ring of the Hare {EV+10}
  7779 | D:10     | Reached XP level 12. HP: 103/103 MP: 12/12
  7901 | D:11     | Noticed a boulder beetle
  7928 | D:11     | Killed a boulder beetle
  8478 | D:12     | Killed a seven-headed hydra
  8511 | D:12     | Noticed Maurice
  8516 | D:12     | Noticed a boulder beetle
  8566 | D:12     | Killed Maurice
  8569 | D:12     | Killed a boulder beetle
  8747 | D:12     | Noticed a boulder beetle
  8761 | D:12     | Killed a boulder beetle
  8762 | D:12     | Reached skill level 10 in Dodging
  9069 | D:13     | Reached XP level 13. HP: 74/111 MP: 13/13
  9286 | D:13     | You fall into a shaft and drop 1 floor!
  9311 | D:14     | Lost mutation: You have claws for feet. [Jiyva's grace]
  9311 | D:14     | Lost mutation: You have razor-sharp toenails. [Jiyva's
                  | grace]
  9311 | D:14     | Lost mutation: Your mind is acute. (Int +4, Str/Dex -1)
                  | [Jiyva's grace]
  9311 | D:14     | Lost mutation: Your pliable body absorbs attacks. (AC +2,
                  | EV +2) [Jiyva's grace]
  9311 | D:14     | Lost mutation: Your transparent skin significantly reduces
                  | your foes' accuracy. (Stealth+) [Jiyva's grace]
  9311 | D:14     | Lost mutation: Your translucent skin reduces your foes'
                  | accuracy. (Stealth+) [Jiyva's grace]
  9311 | D:14     | Lost mutation: You are covered in slimy tendrils that may
                  | disarm your opponents. [Jiyva's grace]
  9311 | D:14     | Gained mutation: Armour fits poorly on your pseudopods.
                  | [Jiyva's grace]
  9311 | D:14     | Gained mutation: Armour fits poorly on your large
                  | pseudopods. [Jiyva's grace]
  9311 | D:14     | Gained mutation: Armour fits poorly on your massive
                  | pseudopods. [Jiyva's grace]
  9311 | D:14     | Gained mutation: You possess an exceptional clarity of
                  | mind. [Jiyva's grace]
  9319 | D:14     | Found a frozen archway.
  9338 | IceCv    | Entered an ice cave
  9365 | IceCv    | Noticed a quicksilver ooze
  9373 | IceCv    | Killed a quicksilver ooze
  9381 | IceCv    | Killed a quicksilver ooze
  9420 | IceCv    | Identified the +1 ice dragon scales of the Engineer {rF-
                  | rC++ Dex+3 Slay+2}
  9477 | IceCv    | Noticed an azure jelly
  9477 | IceCv    | Noticed a quicksilver ooze
  9478 | IceCv    | Noticed an azure jelly
  9491 | IceCv    | Noticed an azure jelly
  9492 | IceCv    | Found a viscous altar of Jiyva.
  9496 | IceCv    | Noticed a rockslime
  9510 | IceCv    | Got the Tome of Frostbite
  9512 | IceCv    | Got the Meditations on the Chill
  9584 | D:14     | Found a gate to the Vaults.
  9584 | D:14     | Noticed Urug
  9609 | D:14     | Killed Urug
  9611 | D:14     | Reached skill level 10 in Armour
 10119 | D:15     | Entered Level 15 of the Dungeon
 10169 | D:15     | Reached skill level 1 in Stealth
 10205 | D:15     | Found a staircase to the Depths.
 10516 | D:15     | Reached XP level 14. HP: 91/118 MP: 14/14
 11056 | D:15     | Reached skill level 5 in Stealth
 11296 | Lair:1   | Entered Level 1 of the Lair of Beasts
 11585 | Lair:1   | Found a gate leading to a gauntlet.
 11592 | Gauntlet | Entered a Gauntlet
 11592 | Gauntlet | Found a transporter.
 11592 | Gauntlet | Found a transporter.
 11593 | Gauntlet | Found a transporter.
 11594 | Gauntlet | Found a transporter.
 11594 | Gauntlet | Found a transporter.
 11597 | Gauntlet | Lost mutation: Your system is resistant to poisons. (rPois)
                  | [Jiyva's grace]
 11597 | Gauntlet | Gained mutation: Your translucent skin reduces your foes'
                  | accuracy. (Stealth+) [Jiyva's grace]
 11597 | Gauntlet | Gained mutation: Your transparent skin significantly
                  | reduces your foes' accuracy. (Stealth+) [Jiyva's grace]
 11597 | Gauntlet | Gained mutation: You have an increased reservoir of magic.
                  | (+10% MP) [Jiyva's grace]
 11597 | Gauntlet | Gained mutation: You have a considerably increased
                  | reservoir of magic. (+20% MP) [Jiyva's grace]
 11597 | Gauntlet | Found a transporter.
 11603 | Gauntlet | Found a transporter.
 11605 | Gauntlet | Found a transporter.
 11606 | Gauntlet | Found a transporter.
 11608 | Gauntlet | Found a transporter.
 11616 | Gauntlet | Found a transporter.
 11617 | Gauntlet | Found a transporter.
 11806 | Gauntlet | Identified the +0 helmet of Asceticism {Rampage rElec
                  | Regen+}
 11904 | Gauntlet | Identified the amulet "Vatohy" {RegenMP rC+ Str+4}
 12504 | Lair:2   | Identified the +2 leather armour "Tyenn" {^Contam rElec rF+
                  | Slay+5}
 13147 | Lair:3   | Lost mutation: You possess an exceptional clarity of mind.
                  | [Jiyva's grace]
 13147 | Lair:3   | Lost mutation: Your rubbery body absorbs attacks. (AC +1,
                  | EV +1) [Jiyva's grace]
 13147 | Lair:3   | Lost mutation: Armour fits poorly on your massive
                  | pseudopods. [Jiyva's grace]
 13147 | Lair:3   | Lost mutation: Armour fits poorly on your large pseudopods.
                  | [Jiyva's grace]
 13147 | Lair:3   | Lost mutation: Your transparent skin significantly reduces
                  | your foes' accuracy. (Stealth+) [Jiyva's grace]
 13147 | Lair:3   | Gained mutation: Your rubbery body absorbs attacks. (AC +1,
                  | EV +1) [Jiyva's grace]
 13147 | Lair:3   | Gained mutation: Your pliable body absorbs attacks. (AC +2,
                  | EV +2) [Jiyva's grace]
 13147 | Lair:3   | Gained mutation: Your gelatinous body deflects attacks. (AC
                  | +3, EV +3) [Jiyva's grace]
 13147 | Lair:3   | Gained mutation: Your melee attacks may engulf your foes in
                  | ooze. [Jiyva's grace]
 13287 | Lair:3   | Noticed Amaemon
 13306 | Lair:3   | Killed Amaemon
 13340 | Lair:3   | Found a staircase to the Swamp.
 13758 | Lair:3   | Found a hole to the Spider Nest.
 13896 | Lair:4   | Found a staircase to the Slime Pits.
 13903 | Lair:4   | Found a viscous altar of Jiyva.
 13905 | Lair:4   | You are sucked into a shaft and drop 1 floor!
 13905 | Lair:5   | Entered Level 5 of the Lair of Beasts
 14062 | Lair:5   | Noticed Sonja
 14068 | Lair:5   | Killed Sonja
 14112 | Lair:5   | Reached skill level 15 in Dodging
 14153 | Lair:5   | Noticed Rupert
 14182 | Lair:5   | Killed Rupert
 14183 | Lair:5   | Gained mutation: You regenerate a little health from kills.
                  | [demonic ancestry]
 14183 | Lair:5   | Reached XP level 15. HP: 123/123 MP: 18/18
 14204 | Lair:5   | Identified the +0 leather armour of Vuudi {Will+ Dex+3}
 14329 | Lair:5   | Reached skill level 10 in Stealth
 14564 | Lair:5   | Lost mutation: You have a considerably increased reservoir
                  | of magic. (+20% MP) [Jiyva's grace]
 14564 | Lair:5   | Lost mutation: Your gelatinous body deflects attacks. (AC
                  | +3, EV +3) [Jiyva's grace]
 14564 | Lair:5   | Lost mutation: You have a small jelly attached to you that
                  | senses nearby items. [Jiyva's grace]
 14564 | Lair:5   | Lost mutation: Your melee attacks may engulf your foes in
                  | ooze. [Jiyva's grace]
 14564 | Lair:5   | Gained mutation: Armour fits poorly on your large
                  | pseudopods. [Jiyva's grace]
 14564 | Lair:5   | Gained mutation: Armour fits poorly on your massive
                  | pseudopods. [Jiyva's grace]
 14564 | Lair:5   | Gained mutation: Your mind is acute. (Int +4, Str/Dex -1)
                  | [Jiyva's grace]
 14564 | Lair:5   | Gained mutation: Your mind is very acute. (Int +8, Str/Dex
                  | -2) [Jiyva's grace]
 15047 | Lair:5   | Noticed Nessos
 15060 | Lair:5   | Killed Nessos
 15171 | Lair:5   | Found a corrupted altar of Lugonu.
 15171 | Lair:5   | Found a one-way gate to the infinite horrors of the Abyss.
 15190 | Lair:5   | Identified the +6 morningstar "Hulet" {antimagic, SInv}
 15765 | Lair:4   | Gained mutation: You regenerate health from kills. [demonic
                  | ancestry]
 15765 | Lair:4   | Reached XP level 16. HP: 130/130 MP: 17/17
 16174 | Slime:1  | Entered Level 1 of the Pits of Slime
 16184 | Slime:1  | Noticed an acid blob
 16396 | Slime:2  | Noticed an acid blob
 16398 | Slime:2  | Noticed an acid blob
 16588 | Slime:3  | Noticed an acid blob
 16608 | Slime:3  | Noticed an acid blob
 16663 | Slime:3  | Noticed an acid blob
 16885 | Slime:4  | Noticed an acid blob
 17107 | Slime:5  | Entered Level 5 of the Pits of Slime
 17166 | Slime:5  | Noticed an acid blob
 17196 | Slime:5  | Found a viscous altar of Jiyva.
 17196 | Slime:5  | Noticed an acid blob
 17196 | Slime:5  | Noticed the Royal Jelly
 17203 | Slime:5  | Identified the +0 robe "Tead" {Str+3}
 17207 | Slime:5  | Got a slimy rune of Zot
 17219 | Slime:5  | Noticed an acid blob
 17226 | Slime:5  | Identified the +6 hand axe of Spores {speed, *Corrode rF+
                  | rN+++ Stlth+}
 17292 | Slime:5  | Noticed an acid blob
 17438 | Slime:5  | Noticed an acid blob
 17471 | Slime:5  | Identified the +2 quarterstaff of Destruction {drain,
                  | Int+2}
 17473 | Slime:5  | Identified the +4 war axe "Bemuxach" {heavy, rPois rF-
                  | MP+9}
 17939 | Slime:5  | Noticed an acid blob
 18087 | Slime:2  | Noticed an acid blob
 18257 | Lair:4   | Lost mutation: Your pliable body absorbs attacks. (AC +2,
                  | EV +2) [potion of mutation]
 18257 | Lair:4   | Lost mutation: Your translucent skin reduces your foes'
                  | accuracy. (Stealth+) [potion of mutation]
 18257 | Lair:4   | Gained mutation: You have razor-sharp toenails. [potion of
                  | mutation]
 18412 | Orc:1    | Entered Level 1 of the Orcish Mines
 18542 | Orc:1    | Found Hurphilea's Antique Weapon Shop.
 18563 | Orc:2    | Entered Level 2 of the Orcish Mines
 18660 | Orc:2    | Found a dark tunnel.
 18670 | Volcano  | Entered a volcano
 18816 | Volcano  | Found a radiant altar of Vehumet.
 18822 | Volcano  | Reached skill level 10 in Short Blades
 19054 | Orc:2    | Lost mutation: You have razor-sharp toenails. [Jiyva's
                  | grace]
 19054 | Orc:2    | Lost mutation: Your rubbery body absorbs attacks. (AC +1,
                  | EV +1) [Jiyva's grace]
 19054 | Orc:2    | Lost mutation: Armour fits poorly on your massive
                  | pseudopods. [Jiyva's grace]
 19054 | Orc:2    | Gained mutation: You have a pair of small horns on your
                  | head. [Jiyva's grace]
 19054 | Orc:2    | Gained mutation: You have a pair of horns on your head.
                  | [Jiyva's grace]
 19054 | Orc:2    | Gained mutation: You have a pair of large horns on your
                  | head. [Jiyva's grace]
 19054 | Orc:2    | Gained mutation: Your movements are slightly less
                  | encumbered by armour. (ER -2) [Jiyva's grace]
 19137 | Orc:2    | Gained mutation: Your touch may irresistibly damage your
                  | foes and sap their willpower. [demonic ancestry]
 19137 | Orc:2    | Reached XP level 17. HP: 136/136 MP: 18/18
 19226 | Orc:2    | Found Semaigat's Magic Scroll Shop.
 19226 | Orc:2    | Found Beoghysh's Antique Armour Emporium.
 19236 | Orc:2    | Found Samm's Magic Scroll Shoppe.
 19238 | Orc:2    | Found Gifoal's Antique Weapon Boutique.
 19244 | Orc:2    | Bought an ichor-stained dagger for 210 gold pieces
 19244 | Orc:2    | Identified the +1 dagger "Zaukeas" {vamp, *Corrode +Blink
                  | Dex+2} (You bought it in a shop on level 2 of the Orcish
                  | Mines)
 19244 | Orc:2    | Bought a polished rapier for 270 gold pieces
 19244 | Orc:2    | Identified the +3 rapier "Loteso Iree" {drain, Fly rC+
                  | Int+3 SInv} (You bought it in a shop on level 2 of the
                  | Orcish Mines)
 19253 | Orc:2    | Bought a scroll of blinking for 90 gold pieces
 19253 | Orc:2    | Bought 2 scrolls of enchant weapon for 180 gold pieces
 19258 | Orc:2    | Bought a scroll of enchant armour for 120 gold pieces
 19341 | Orc:2    | Reached skill level 15 in Stealth
 19412 | Orc:2    | Found a staircase to the Elven Halls.
 19479 | Elf:1    | Entered Level 1 of the Elven Halls
 19545 | Elf:1    | Reached XP level 18. HP: 143/143 MP: 17/19
 19824 | Elf:1    | Identified the +1 war axe of Dishonour {heavy, *Corrode
                  | rElec Will- Str+7}
 19952 | Elf:1    | Got the Grimoire of Trauma
 20016 | Elf:1    | Identified the +10 hand axe of the Toadstool {flame, rElec}
 20449 | Elf:2    | Found a runed translucent gate.
 20450 | Elf:2    | Found a runed translucent gate.
 20452 | Elf:2    | Found a runed translucent gate.
 20496 | Elf:2    | Found a gateway to a bazaar.
 20560 | Elf:2    | Found a runed translucent gate.
 20560 | Elf:2    | Found a runed translucent gate.
 20560 | Elf:2    | Found a runed translucent gate.
 20849 | Elf:2    | Lost mutation: Your mind is very acute. (Int +8, Str/Dex
                  | -2) [Jiyva's grace]
 20849 | Elf:2    | Lost mutation: Armour fits poorly on your large pseudopods.
                  | [Jiyva's grace]
 20849 | Elf:2    | Lost mutation: Your translucent skin slightly reduces your
                  | foes' accuracy. (Stealth+) [Jiyva's grace]
 20849 | Elf:2    | Gained mutation: You are robust. (+10% HP) [Jiyva's grace]
 20849 | Elf:2    | Gained mutation: You are very robust. (+20% HP) [Jiyva's
                  | grace]
 20849 | Elf:2    | Gained mutation: You are extremely robust. (+30% HP)
                  | [Jiyva's grace]
 20849 | Elf:2    | Lost mutation: You have sharp toenails. [Jiyva's grace]
 20849 | Elf:2    | Gained mutation: You have large cloven feet. [Jiyva's
                  | grace]
 21082 | Elf:2    | Noticed Bizboz's ghost (adept DjAE)
 21463 | Elf:2    | Reached skill level 15 in Fighting
 21661 | Elf:2    | Reached skill level 1 in Evocations
 21709 | Elf:2    | Killed Bizboz's ghost
 21753 | Elf:2    | Identified the +0 pair of gloves "Okhuxt" {Dex+4}
 21760 | Elf:2    | Identified the ring "Earthly Heaven" {*Slow EV+5 Dex+3}
 21789 | Elf:3    | Entered Level 3 of the Elven Halls
 21897 | Elf:3    | Reached skill level 5 in Evocations
 21967 | Elf:3    | Found Awiorem's General Store.
 21969 | Elf:3    | Found Ixzarae's General Store.
 21980 | Elf:3    | Found Cyepted's Jewellery Boutique.
 22002 | Elf:3    | Bought a scroll of blinking for 105 gold pieces
 22004 | Elf:3    | Bought a scroll of blinking for 97 gold pieces
 22177 | Elf:3    | Identified the +0 pair of gloves "Etax" {rCorr Str+2
                  | Stlth-}
 22346 | Elf:3    | Identified the +4 scimitar of Siethuh {venom, rPois Str-2
                  | Int+3 Dex+6}
 22346 | Elf:3    | Identified the amulet of Cucee {Acrobat +Blink rElec}
 22395 | Elf:3    | Gained mutation: You are surrounded by a strong repulsion
                  | field. (EV +4, RMsl) [demonic ancestry]
 22395 | Elf:3    | Reached XP level 19. HP: 183/201 MP: 20/20
 22410 | Elf:3    | Noticed a Tzitzimitl
 22433 | Elf:3    | HP: 9/201 [deep elf sorcerer/damnation (33)]
 22457 | Elf:3    | Noticed a Brimstone Fiend
 22461 | Elf:3    | Noticed a Brimstone Fiend
 22834 | Elf:3    | Identified the +8 dagger of Ojav {speed, Will+ Str+3 Dex+4}
 22869 | Elf:3    | Reached skill level 10 in Evocations
 22878 | Elf:3    | Identified the ring of the Telling Gods {rN+ Str+7 Dex-3}
 23293 | Elf:3    | Identified the staff "Kavvif" {rF+++ rC+ Str-5 Conj Necro
                  | Ice}
 23318 | Elf:3    | Got the Papyrus of Despicable Acts and the Storm
 23339 | Elf:3    | Identified the +3 helmet of Qugefeg {+Inv rPois Regen+}
 23345 | Elf:3    | Got the Volume of Non-Euclidean Assaults
 23349 | Elf:3    | Identified the +9 triple crossbow "X" {drain, rElec Dex-2
                  | Stlth+}
 23352 | Elf:3    | Got Asmodeus's Octavo of the Bonfire
 23741 | Swamp:1  | Entered Level 1 of the Swamp
 23743 | Swamp:1  | Lost mutation: Armour fits poorly on your pseudopods.
                  | [Jiyva's grace]
 23743 | Swamp:1  | Gained mutation: You have supernaturally acute eyesight.
                  | (SInv) [Jiyva's grace]
 23743 | Swamp:1  | Gained mutation: Your translucent skin slightly reduces
                  | your foes' accuracy. (Stealth+) [Jiyva's grace]
 23743 | Swamp:1  | Gained mutation: Your translucent skin reduces your foes'
                  | accuracy. (Stealth+) [Jiyva's grace]
 23743 | Swamp:1  | Gained mutation: Your transparent skin significantly
                  | reduces your foes' accuracy. (Stealth+) [Jiyva's grace]
 23766 | Swamp:1  | Reached skill level 1 in Ranged Weapons
 23894 | Swamp:1  | Reached skill level 2 in Ranged Weapons
 23924 | Swamp:1  | Reached skill level 3 in Ranged Weapons
 24170 | Swamp:1  | Reached skill level 4 in Ranged Weapons
 24506 | Swamp:2  | Reached skill level 5 in Ranged Weapons
 24851 | Swamp:2  | Reached skill level 6 in Ranged Weapons
 25179 | Swamp:3  | Reached skill level 7 in Ranged Weapons
 25337 | Swamp:3  | Lost mutation: You have large cloven feet. [Jiyva's grace]
 25337 | Swamp:3  | Lost mutation: Your mind is acute. (Int +4, Str/Dex -1)
                  | [Jiyva's grace]
 25337 | Swamp:3  | Lost mutation: You have an increased reservoir of magic.
                  | (+10% MP) [Jiyva's grace]
 25337 | Swamp:3  | Lost mutation: You are extremely robust. (+30% HP) [Jiyva's
                  | grace]
 25337 | Swamp:3  | Lost mutation: You are very robust. (+20% HP) [Jiyva's
                  | grace]
 25337 | Swamp:3  | Lost mutation: Your transparent skin significantly reduces
                  | your foes' accuracy. (Stealth+) [Jiyva's grace]
 25337 | Swamp:3  | Gained mutation: Your spells are a little harder to cast,
                  | but a little more powerful. [Jiyva's grace]
 25337 | Swamp:3  | Gained mutation: Your spells are harder to cast, but more
                  | powerful. [Jiyva's grace]
 25337 | Swamp:3  | Gained mutation: Your spells are much harder to cast, but
                  | much more powerful. [Jiyva's grace]
 25337 | Swamp:3  | Gained mutation: You have large cloven feet. [Jiyva's
                  | grace]
 25481 | Swamp:3  | Reached skill level 8 in Ranged Weapons
 25570 | Swamp:3  | Identified the scarf "Erept" {harm, rF+ Regen+}
 25751 | Swamp:4  | Entered Level 4 of the Swamp
 25903 | Swamp:4  | Reached skill level 9 in Ranged Weapons
 26023 | Swamp:4  | Gained mutation: Your hexes are more powerful. [demonic
                  | ancestry]
 26023 | Swamp:4  | Reached XP level 20. HP: 178/178 MP: 16/20
 26063 | Swamp:4  | Reached skill level 10 in Ranged Weapons
 26067 | Swamp:4  | Got a decaying rune of Zot
 26378 | Swamp:4  | Reached skill level 11 in Ranged Weapons
 26661 | Spider:1 | Entered Level 1 of the Spider Nest
 27066 | Spider:1 | Reached skill level 12 in Ranged Weapons
 27236 | Spider:1 | Lost mutation: You have a pair of large horns on your head.
                  | [Jiyva's grace]
 27236 | Spider:1 | Lost mutation: You have a pair of horns on your head.
                  | [Jiyva's grace]
 27236 | Spider:1 | Lost mutation: Your spells are much harder to cast, but
                  | much more powerful. [Jiyva's grace]
 27236 | Spider:1 | Lost mutation: Your translucent skin reduces your foes'
                  | accuracy. (Stealth+) [Jiyva's grace]
 27236 | Spider:1 | Gained mutation: Your system is resistant to poisons.
                  | (rPois) [Jiyva's grace]
 27236 | Spider:1 | Gained mutation: Your rubbery body absorbs attacks. (AC +1,
                  | EV +1) [Jiyva's grace]
 27236 | Spider:1 | Gained mutation: Your pliable body absorbs attacks. (AC +2,
                  | EV +2) [Jiyva's grace]
 27236 | Spider:1 | Gained mutation: Your gelatinous body deflects attacks. (AC
                  | +3, EV +3) [Jiyva's grace]
 27863 | Spider:2 | Reached skill level 13 in Ranged Weapons
 28122 | Spider:2 | Noticed Asterion
 28143 | Spider:2 | Killed Asterion
 28181 | Spider:2 | Found a runed translucent door.
 28187 | Spider:2 | Noticed Naiq's ghost (adept VSBr)
 28195 | Spider:2 | Killed Naiq's ghost
 28809 | Spider:2 | Lost mutation: You have supernaturally acute eyesight.
                  | (SInv) [Jiyva's grace]
 28809 | Spider:2 | Lost mutation: Your muscles are strong. (Str +4, Int/Dex
                  | -1) [Jiyva's grace]
 28809 | Spider:2 | Lost mutation: Your gelatinous body deflects attacks. (AC
                  | +3, EV +3) [Jiyva's grace]
 28809 | Spider:2 | Gained mutation: Your translucent skin reduces your foes'
                  | accuracy. (Stealth+) [Jiyva's grace]
 28809 | Spider:2 | Gained mutation: Your transparent skin significantly
                  | reduces your foes' accuracy. (Stealth+) [Jiyva's grace]
 28809 | Spider:2 | Gained mutation: Your melee attacks may engulf your foes in
                  | ooze. [Jiyva's grace]
 28809 | Spider:2 | Gained mutation: You expend magic power (3 MP) to
                  | strengthen your wands. [Jiyva's grace]
 29101 | Spider:3 | Reached skill level 14 in Ranged Weapons
 29498 | Spider:3 | Reached skill level 15 in Ranged Weapons
 29682 | Spider:4 | Entered Level 4 of the Spider Nest
 29918 | Spider:4 | Gained mutation: A meltable icy envelope protects you from
                  | harm. (AC +8) [demonic ancestry]
 29918 | Spider:4 | Reached XP level 21. HP: 184/184 MP: 21/21
 29952 | Spider:4 | Noticed Arachne
 29972 | Spider:4 | Killed Arachne
 30200 | Spider:4 | Reached skill level 16 in Ranged Weapons
 30467 | Spider:4 | Got a gossamer rune of Zot
 30471 | Spider:4 | Lost mutation: You have large cloven feet. [potion of
                  | mutation]
 30471 | Spider:4 | Lost mutation: Your melee attacks may engulf your foes in
                  | ooze. [potion of mutation]
 30471 | Spider:4 | Lost mutation: Your transparent skin significantly reduces
                  | your foes' accuracy. (Stealth+) [potion of mutation]
 30471 | Spider:4 | Gained mutation: Your flesh is heat resistant. (rF+)
                  | [potion of mutation]
 30472 | Spider:4 | Lost mutation: Your translucent skin reduces your foes'
                  | accuracy. (Stealth+) [potion of mutation]
 30472 | Spider:4 | Lost mutation: You expend magic power (3 MP) to strengthen
                  | your wands. [potion of mutation]
 30472 | Spider:4 | Lost mutation: Your system is resistant to poisons. (rPois)
                  | [potion of mutation]
 30472 | Spider:4 | Lost mutation: Your flesh is heat resistant. (rF+) [potion
                  | of mutation]
 30472 | Spider:4 | Lost mutation: Your translucent skin slightly reduces your
                  | foes' accuracy. (Stealth+) [potion of mutation]
 30473 | Spider:4 | Lost mutation: You are robust. (+10% HP) [potion of
                  | mutation]
 30473 | Spider:4 | Lost mutation: Your spells are harder to cast, but more
                  | powerful. [potion of mutation]
 30473 | Spider:4 | Lost mutation: Your movements are slightly less encumbered
                  | by armour. (ER -2) [potion of mutation]
 30473 | Spider:4 | Lost mutation: You have a pair of small horns on your head.
                  | [potion of mutation]
 30473 | Spider:4 | Gained mutation: You are somewhat resistant to further
                  | mutation. [potion of mutation]
 30583 | Spider:4 | Noticed Agnes
 30605 | Spider:4 | Killed Agnes
 30882 | Vaults:1 | Entered Level 1 of the Vaults
 30987 | Vaults:1 | Gained mutation: You are strong-willed. (Will+) [Jiyva's
                  | grace]
 30987 | Vaults:1 | Gained mutation: You are highly strong-willed. (Will++)
                  | [Jiyva's grace]
 30987 | Vaults:1 | Gained mutation: You are extremely strong-willed. (Will+++)
                  | [Jiyva's grace]
 30987 | Vaults:1 | Gained mutation: You possess an exceptional clarity of
                  | mind. [Jiyva's grace]
 31024 | Vaults:1 | Reached skill level 17 in Ranged Weapons
 31612 | Vaults:1 | Found Sedwis's General Store.
 31620 | Vaults:1 | Bought a potion of heal wounds for 50 gold pieces
 31620 | Vaults:1 | Bought a scroll of teleportation for 30 gold pieces
 31891 | Vaults:2 | Found a staircase to the Crypt.
 32029 | Vaults:2 | Reached skill level 18 in Ranged Weapons
 32313 | Vaults:2 | Identified the +5 chain mail of the Dripping Gods {rElec
                  | Str-2 SInv}
 32805 | Vaults:2 | Reached skill level 19 in Ranged Weapons
 32849 | Vaults:2 | Gained mutation: Your gelatinous body deflects attacks. (AC
                  | +3, EV +3) [Jiyva's grace]
 32849 | Vaults:2 | Gained mutation: You are covered in slimy tendrils that may
                  | disarm your opponents. [Jiyva's grace]
 32849 | Vaults:2 | Gained mutation: You have large cloven feet. [Jiyva's
                  | grace]
 32849 | Vaults:2 | Gained mutation: You have hoof-like feet. [Jiyva's grace]
 33414 | Vaults:3 | Noticed Bai Suzhen
 33423 | Vaults:3 | Killed Bai Suzhen
 33541 | Vaults:3 | Noticed Frederick
 33560 | Vaults:3 | Gained mutation: Your melee attacks may debilitate your
                  | foes. [demonic ancestry]
 33560 | Vaults:3 | Reached XP level 22. HP: 175/175 MP: 18/22
 33577 | Vaults:3 | Killed Frederick
 33683 | Vaults:3 | Found Taskys's Antique Weapon Boutique.
 34025 | Vaults:3 | Reached skill level 20 in Ranged Weapons
 34148 | Vaults:3 | Identified the death talisman of Midsummer {rElec}
 34691 | Vaults:4 | Lost mutation: You are extremely strong-willed. (Will+++)
                  | [Jiyva's grace]
 34691 | Vaults:4 | Lost mutation: Your spells are a little harder to cast, but
                  | a little more powerful. [Jiyva's grace]
 34691 | Vaults:4 | Lost mutation: Your gelatinous body deflects attacks. (AC
                  | +3, EV +3) [Jiyva's grace]
 34691 | Vaults:4 | Gained mutation: You are extremely strong-willed. (Will+++)
                  | [Jiyva's grace]
 34691 | Vaults:4 | Gained mutation: You are robust. (+10% HP) [Jiyva's grace]
 34691 | Vaults:4 | Gained mutation: You are very robust. (+20% HP) [Jiyva's
                  | grace]
 34691 | Vaults:4 | Gained mutation: You are extremely robust. (+30% HP)
                  | [Jiyva's grace]
 34756 | Vaults:4 | Identified the +4 hand axe "Movisuodgh" {pain, Int+4}
 34834 | Vaults:4 | Reached skill level 21 in Ranged Weapons
 35241 | Abyss:3  | Cast into level 3 of the Abyss (vault warden)
 35652 | Abyss:3  | Reached skill level 22 in Ranged Weapons
 35660 | Vaults:4 | Escaped the Abyss
 35990 | Vaults:5 | Entered Level 5 of the Vaults
 36164 | Vaults:4 | Gained mutation: A meltable icy envelope protects you from
                  | harm. (AC +8) [demonic ancestry]
 36164 | Vaults:4 | Reached XP level 23. HP: 153/235 MP: 23/23
 36346 | Vaults:5 | Noticed an ancient lich
 36347 | Vaults:5 | Noticed an ancient lich
 36376 | Vaults:4 | Reached skill level 23 in Ranged Weapons
 36397 | Vaults:5 | Killed an ancient lich
 36399 | Vaults:5 | Killed an ancient lich
 36444 | Vaults:5 | Noticed an ancient lich
 36452 | Vaults:5 | Killed an ancient lich
 36453 | Vaults:5 | Reached skill level 24 in Ranged Weapons
 36464 | Vaults:5 | Identified the staff of Joyful Slaughter {rElec Will+ Dex+6
                  | Air}
 36464 | Vaults:5 | Identified the ring "Ideckan" {rN++ rCorr Slay-5}
 36465 | Vaults:5 | Noticed an ancient lich
 36479 | Vaults:5 | Killed an ancient lich
 36615 | Vaults:5 | Identified the ring of Uneagaosk {Wiz rPois rF+ Will-
                  | Slay+2}
 36782 | Vaults:5 | Identified the +1 short sword of Autumn {antimagic, rC+
                  | Str+4}
 36877 | Vaults:5 | Identified the +12 glaive "Vitroe" {freeze, Int+2}
 36880 | Vaults:5 | Identified the amulet "Wunu" {Spirit rF++}
 37286 | Vaults:5 | Got Sevuph's Folio of the Transposed Commander
 37291 | Vaults:5 | Got a silver rune of Zot
 37570 | Vaults:5 | Identified the ring of Tiruk {Fly AC+4}
 37811 | Depths:1 | Entered Level 1 of the Depths
 37811 | Depths:1 | Lost mutation: You have hoof-like feet. [Jiyva's grace]
 37811 | Depths:1 | Lost mutation: You are extremely strong-willed. (Will+++)
                  | [Jiyva's grace]
 37811 | Depths:1 | Lost mutation: You are extremely robust. (+30% HP) [Jiyva's
                  | grace]
 37811 | Depths:1 | Lost mutation: Your pliable body absorbs attacks. (AC +2,
                  | EV +2) [Jiyva's grace]
 37811 | Depths:1 | Gained mutation: You are somewhat resistant to both further
                  | mutation and mutation removal. [Jiyva's grace]
 37811 | Depths:1 | Gained mutation: You are almost entirely resistant to
                  | further mutation and mutation removal. [Jiyva's grace]
 37811 | Depths:1 | Lost mutation: You have large cloven feet. [Jiyva's grace]
 37811 | Depths:1 | Gained mutation: You have sharp toenails. [Jiyva's grace]
 37811 | Depths:1 | Gained mutation: You have razor-sharp toenails. [Jiyva's
                  | grace]
 37896 | Depths:1 | Found Doimp's Weapon Shop.
 37896 | Depths:1 | Found Utayrod's Jewellery Boutique.
 38010 | Depths:1 | Reached skill level 25 in Ranged Weapons
 38362 | Depths:1 | Found a gateway to Hell.
 38801 | Depths:2 | Reached XP level 24. HP: 154/225 MP: 23/23
 38970 | Depths:2 | Found a runed translucent door.
 39321 | Depths:2 | Noticed a juggernaut
 39327 | Depths:2 | Killed a juggernaut
 39328 | Depths:2 | Reached skill level 26 in Ranged Weapons
 39496 | Depths:2 | Found a one-way gate leading to the halls of Pandemonium.
 39621 | Depths:2 | Lost mutation: You are highly strong-willed. (Will++)
                  | [Jiyva's grace]
 39621 | Depths:2 | Lost mutation: You are very robust. (+20% HP) [Jiyva's
                  | grace]
 39621 | Depths:2 | Gained mutation: Your pliable body absorbs attacks. (AC +2,
                  | EV +2) [Jiyva's grace]
 39621 | Depths:2 | Gained mutation: Your gelatinous body deflects attacks. (AC
                  | +3, EV +3) [Jiyva's grace]
 39621 | Depths:2 | Gained mutation: Your muscles are strong. (Str +4, Int/Dex
                  | -1) [Jiyva's grace]
 39621 | Depths:2 | Gained mutation: Your muscles are very strong. (Str +8,
                  | Int/Dex -2) [Jiyva's grace]
 39681 | Depths:2 | Found Qacececu's Jewellery Boutique.
 39682 | Depths:2 | Found Ypsoeco's Book Shoppe.
 39684 | Depths:2 | Found Azuejaem's Jewellery Boutique.
 39696 | Depths:2 | Bought a manual of Fighting for 1120 gold pieces
 40246 | Elf:3    | Bought an amulet of regeneration for 480 gold pieces
 40996 | Depths:3 | Found a one-way gateway to a ziggurat.
 41137 | Depths:3 | Identified the ring of Hospitality {^Drain rF++ SInv
                  | Stlth+}
 41634 | Depths:4 | Entered Level 4 of the Depths
 41997 | Depths:4 | Gained mutation: You regenerate a lot of health from kills.
                  | [demonic ancestry]
 41997 | Depths:4 | Reached XP level 25. HP: 225/225 MP: 23/23
 42022 | Depths:4 | Found a gate to the Realm of Zot.
 42854 | Crypt:1  | Entered Level 1 of the Crypt
 42897 | Crypt:1  | Lost mutation: Your gelatinous body deflects attacks. (AC
                  | +3, EV +3) [Jiyva's grace]
 42897 | Crypt:1  | Lost mutation: Your pliable body absorbs attacks. (AC +2,
                  | EV +2) [Jiyva's grace]
 42897 | Crypt:1  | Gained mutation: You have claws for feet. [Jiyva's grace]
 42897 | Crypt:1  | Gained mutation: You passively map a small area around you.
                  | [Jiyva's grace]
 42897 | Crypt:1  | Gained mutation: You passively map the area around you.
                  | [Jiyva's grace]
 42897 | Crypt:1  | Gained mutation: You passively map a large area around you.
                  | [Jiyva's grace]
 42918 | Crypt:1  | Found a magical portal.
 42927 | WizLab   | Entered Yara's Duelist Academy
 43052 | WizLab   | Noticed Rugruys
 43059 | WizLab   | Killed Rugruys the Head Instructor
 43121 | WizLab   | Found the +5 demon whip "Spellbinder" {antimagic, disrupt,
                  | Will+}
 43428 | Crypt:1  | Identified the +3 plate armour of Joy {Int+6}
 43782 | Crypt:1  | Reached skill level 15 in Armour
 44815 | Crypt:3  | Entered Level 3 of the Crypt
 45106 | Crypt:3  | Found a basalt altar of Yredelemnul.
 45266 | Crypt:3  | Reached XP level 26. HP: 239/239 MP: 23/23
 45297 | Crypt:3  | Reached skill level 15 in Evocations
 45308 | Crypt:3  | Noticed a dread lich
 45319 | Crypt:3  | Killed a dread lich
 45425 | Crypt:3  | Found a staircase to the Tomb.
 45538 | Crypt:3  | Found the +3 pair of mountain boots {steadfast, rC+}
 45594 | Crypt:3  | Identified the ring of Ererphuxa {rC++ rN+ Str+3 Slay+3}
 45619 | Crypt:3  | Identified the ring of Daffodils {rN+ Str+4}
 45830 | Tomb:1   | Entered Level 1 of the Tomb of the Ancients
 45847 | Tomb:1   | Reached skill level 5 in Shapeshifting
 45858 | Tomb:1   | Lost mutation: You are almost entirely resistant to further
                  | mutation and mutation removal. [Jiyva's grace]
 45858 | Tomb:1   | Lost mutation: You are somewhat resistant to both further
                  | mutation and mutation removal. [Jiyva's grace]
 45858 | Tomb:1   | Lost mutation: You passively map a large area around you.
                  | [Jiyva's grace]
 45858 | Tomb:1   | Gained mutation: You expend magic power (3 MP) to
                  | strengthen your wands. [Jiyva's grace]
 45858 | Tomb:1   | Gained mutation: You are partially covered in large bone
                  | plates. (SH +4) [Jiyva's grace]
 45858 | Tomb:1   | Gained mutation: You are mostly covered in large bone
                  | plates. (SH +6) [Jiyva's grace]
 45858 | Tomb:1   | Gained mutation: You are completely covered in large bone
                  | plates. (SH +8) [Jiyva's grace]
 46111 | Tomb:1   | Noticed a royal mummy
 46136 | Tomb:1   | HP: 11/224 [royal mummy/divine providence (13)]
 46137 | Tomb:1   | HP: 3/224 [royal mummy/divine providence (14)]
 46137 | Tomb:1   | Slain by an emperor scorpion

Illustrated notes

Levels and vault maps discovered:
D:1:      nicolae_arrival_memento_mori, layout_basic,
          shapermc_ecumenical_altar_petra
D:2:      layout_basic, hangedman_abyss_or_decor_stabs,
          minmay_misc_feat_encased, minmay_misc_feat_alley, chequers_jeans,
          serial_park_tiny_pond, uniq_sigmund
D:3:      layout_loops_ring, mainiacjoe_overflow_brackets,
          uniq_crazy_yiuf_cottage, uniq_robin
D:4:      layout_basic, lemuel_round_altar, grunt_ministairs_7,
          minmay_small_thing, uniq_pikel
D:5:      kennysheep_big_flooded_room, layout_basic
D:6:      layout_basic, mainiacjoe_overflow_swirl
D:7:      cheibrodos_fzero, layout_rooms, trog_butcher_becter,
          mainiacjoe_overflow_catwalk, minmay_temple_entry_mini_moons,
          gammafunk_ghost_icy, serial_shops, shop, kennysheep_potato
D:8:      layout_gridville, grunt_lair_entry_orc_guard_hut, serial_shops, shop,
          nicolae_zig_zag_zippers, uniq_jeremiah
D:9:      minmay_flawed_box, layout_gridville, nicolae_yredelemnul_corpse_copse,
          nicolae_ru_path_of_blood, nicolae_overflow_hidden_temple,
          minmay_increasing_density
D:10:     minmay_clustersquares, layout_cave_pools,
          mainiacjoe_overflow_concentric_impassable,
          mainiacjoe_overflow_surrounded_room, serial_glass, glass_columns_c,
          glass_columns_a, enter_bailey_3, hellmonk_guarded_unrand_salamander
D:11:     layout_rooms
D:12:     layout_cave_pools, grunt_ministairs_2, uniq_maurice
D:13:     layout_loops_cross
D:14:     layout_gridville, david_vaults_3, minivault_25,
          portal_ice_cave_entry_ice_statue_one
D:15:     gammafunk_depths_entry_grave, layout_loops_corners,
          chequers_serial_rivers_micro_c
Lair:1:   layout_concentric_octagons, gauntlet_entry_generic, grunt_megastairs_3
Lair:2:   layout_regular_city
Lair:3:   layout_regular_city, skrybe_swamp_entry_bodies,
          spider_nest_entry_funnel_web, grunt_megastairs_2, uniq_amaemon
Lair:4:   nzn_winding_woodlands_small [nzn_winding_woodlands_5x15_pockets,
          nzn_winding_woodlands_center_diamonds,
          nzn_winding_woodlands_5x15_zeroes], layout_gridlike,
          nicolae_slime_entry_field_trip, minivault_19
Lair:5:   hellmonk_lair_end_abyssal_woods, layout_loops_ring, uniq_rupert,
          uniq_nessos, uniq_sonja
Swamp:1:  layout_falls_marsh, serial_swamp_ruin, evilmike_swamp_ruin_house_4,
          evilmike_swamp_ruin_rubble_1, evilmike_swamp_ruin_house_5,
          infiniplex_staircase_pool
Swamp:2:  layout_basic_swamp, nicolae_swamp_reclaimed_castle
Swamp:3:  layout_falls_marsh, evilmike_swamp_ruin_house_2
Swamp:4:  nzn_swamp_witches_coven, layout_basic_swamp
Spider:1: layout_cave_pods, hangedman_spider_tarantella_strand
Spider:2: layout_chambers, special_room [special_room_bee],
          hellmonk_ghost_happy_afterlife, uniq_asterion
Spider:3: layout_spider_delve, nicolae_spider_moth_buddies
Spider:4: hellmonk_spider_rune_endless_swarm, uniq_arachne, uniq_agnes
Slime:1:  layout_caves
Slime:2:  layout_caves
Slime:3:  cheibrodos_slime_lost_civilization_8, layout_caves,
          nicolae_slime_phagocytosis
Slime:4:  layout_caves
Slime:5:  slime_pit_nicolae_block_by_block
Orc:1:    layout_caves, serial_shops, nicolae_shop_back_alley_shop, shop,
          basic_altar
Orc:2:    st_orc_rangers, layout_caves, nicolae_volcano_entry_vermiform,
          nicolae_orc_damp_corner
Elf:1:    layout_onion_city, minmay_elf_annihilation
Elf:2:    nicolae_elf_blades_splatter_lattice
          [nicolae_blade_entry_hurt_lockers], layout_loops_corners,
          gammafunk_ghost_tricky_traps, serial_shops, bzr_entry_gold,
          minivault_4
Elf:3:    minmay_elf_hall_quartered_circle, layout_loops_corners,
          minmay_shop_star
Vaults:1: hangedman_vaults_trim, ontoclasm_vaults_ring_small, v_misc_19,
          vaults_dpeg_spiral, v_misc_18, vaults_room_grunt_arrival_ludios,
          grunt_vaults_focal, layout_vaults_big_room, serial_shops,
          nicolae_shop_tiny_real_fake_doors
Vaults:2: st_spiral_rooms, nicolae_vaults_closet_pinwheel_3,
          nicolae_vaults_sesquioval_fish, v_rooms_2,
          nicolae_vaults_little_squares_5, hangedman_vaults_snaps,
          grunt_vaults_hallway_short, hangedman_vaults_nails,
          nicolae_vaults_heart-shaped_vault, layout_vaults_omnigrid,
          dummy_crypt_entry
Vaults:3: nicolae_vaults_storage_closets_3, v_alt_pattern_2,
          ontoclasm_vaults_ligature, vaults_room_boxed,
          nicolae_vaults_stairing_the_circle, nicolae_vaults_heart-shaped_vault,
          nicolae_vaults_house_3, nicolae_vaults_theta,
          nicolae_vaults_closet_pinwheel_4, nicolae_vaults_trapezoid_1,
          layout_vaults_omnicross, serial_shops, nicolae_shop_tiny_waterfront,
          uniq_bai_suzhen, uniq_frederick
Vaults:4: nicolae_vaults_double_plus_1, ontoclasm_vaults_ring_large, v_misc_11,
          hangedman_vaults_restitches, nicolae_vaults_tangram_2,
          vaults_mumra_hex, v_pattern_3, nicolae_vaults_prndl,
          nicolae_vaults_octothorpe, vaults_mumra_lcd,
          nicolae_vaults_apartment_1, nicolae_vaults_big_ls,
          nicolae_vaults_little_squares_4, vaults_room_corners,
          nicolae_vaults_angled_halls, layout_vaults_ring
Vaults:5
Crypt:1:  layout_basic, mu_enter_wizlab_3
Crypt:2:  layout_gridlike, grunt_ministairs_5, grunt_megastairs_1
Crypt:3:  grunt_crypt_end_deaths_head
Tomb:1
Depths:1: layout_gridlike, kennysheep_nub, grunt_hell_entry_dis_grunt,
          abyss_entry_small_statue_room, hangedman_abyss_or_decor_clamps,
          elyvilon_altar_4, minmay_shoptagon
Depths:2: nicolae_aperiodic_l_corner, layout_basic, pan_entry, abyss_entry,
          corexii_leaking_fountain, grunt_mini_vestibule,
          kennysheep_treasure_room, minmay_shop_grove
Depths:3: minmay_glassy_protrusions, layout_twisted_cross, enter_ziggurat_e,
          abyss_entry, pf_hell_entry_great_geh, hangedman_decor_growths,
          minmay_crystal_water
Depths:4: grunt_zot_entry_funnels, layout_honeycomb, pan_entry,
          pf_hell_entry_tar_river

Skill      XL: |  1  2  3  4  5  6  7  8  9 10 11 12 13 14 15 16 17 18 19 20 21 22 23 24 25 26 |
---------------+-------------------------------------------------------------------------------+-----
Throwing       | 2 3 |  3.0
Dodging        | 3 4 5 7 10 13 15 | 15.0
Long Blades    | 3 |  3.6
Fighting       | 3 4 6 8 10 11 12 13 15 18 20 | 20.0
Short Blades   | 2 4 6 8 9 11 12 13 | 13.7
Armour         | 3 6 9 10 12 15 | 15.0
Stealth        | 3 9 14 15 | 15.0
Evocations     | 7 11 14 15 | 15.0
Ranged Weapons | 9 15 19 22 25 26 | 26.0
Shapeshifting  | 6 |  6.4

Action                     |  1- 3 |  4- 6 |  7- 9 | 10-12 | 13-15 | 16-18 | 19-21 | 22-24 | 25-27 || total
---------------------------+-------+-------+-------+-------+-------+-------+-------+-------+-------++-------
  Melee: Long sword        |    47 |       |       |       |       |       |       |       |       ||    47
         Punch             |     2 |     3 |     3 |    21 |    49 |    15 |    82 |    24 |       ||   199
         Short sword       |     7 |   151 |   227 |   955 |   469 |       |       |       |       ||  1809
         Touch             |     1 |    35 |    65 |   259 |   495 |   235 |   873 |   350 |       ||  2313
         Kick              |       |       |       |   171 |   273 |       |       |       |       ||   444
         Quick blade       |       |       |       |       |  1268 |  1052 |  2607 |  1095 |       ||  6022
         Pseudopods        |       |       |       |       |   628 |   273 |    45 |       |       ||   946
         Headbutt          |       |       |       |       |       |   284 |   797 |       |       ||  1081
         Dagger            |       |       |       |       |       |       |   702 |       |       ||   702
   Fire: Triple crossbow   |       |       |       |       |       |       |   171 |  1308 |   924 ||  2403
 Invoke: Oozemancy         |       |       |     1 |     3 |     2 |     5 |     5 |    11 |     6 ||    33
  Evoke: Wand              |       |       |       |       |       |       |     1 |       |       ||     1
    Use: Scroll            |       |       |       |    19 |     6 |     2 |    11 |     5 |     6 ||    49
         Potion            |       |       |       |       |     7 |     6 |     6 |       |     1 ||    20
   Stab: Sleeping          |     2 |       |       |     2 |    29 |    23 |    86 |     4 |       ||   146
         Distracted        |       |     1 |       |     3 |     6 |     2 |    10 |       |       ||    22
 Armour: Leather armour    |    29 |     4 |       |   114 |   279 |   143 |   111 |    77 |   125 ||   882
         Chain mail        |       |    57 |   135 |    78 |       |       |       |       |       ||   270
         Swamp dragon scal |       |       |       |       |       |       |   339 |   732 |       ||  1071
         Quicksilver drago |       |       |       |       |       |       |       |       |   194 ||   194
  Dodge: Dodged            |    48 |    57 |   119 |   555 |  1210 |   502 |  2708 |  2875 |   990 ||  9064
         Repelled          |       |       |       |       |       |       |    15 |    21 |     6 ||    42
  Block: Other             |    13 |    24 |    86 |   228 |   328 |   170 |   298 |   239 |   123 ||  1509
         Reflection        |     1 |       |     2 |    17 |    15 |    39 |     5 |       |       ||    79

Table legend: (Time is in decaauts)
 A = Elapsed time spent in this place.
 B = Non-inter-level travel time spent in this place.
 C = Inter-level travel time spent in this place.
 D = Time resting spent in this place.
 E = Time spent auto-exploring this place.
 F = Levels seen in this place.
 G = Mean time per level.
                   A        B        C        D        E       F      G
               +--------+--------+--------+--------+--------+-----+--------+
         Total |  43897 |  39978 |   3919 |    568 |  25964 |  57 |  770.1 |
       Dungeon |  10614 |   9351 |   1263 |     28 |   6956 |  15 |  707.6 |
          Lair |   4699 |   4008 |    691 |     28 |   2648 |   5 |  939.8 |
         Swamp |   2585 |   2251 |    334 |    109 |   1349 |   4 |  646.2 |
   Spider Nest |   3776 |   3624 |    152 |      0 |   2261 |   4 |  944.0 |
    Slime Pits |   2076 |   1887 |    189 |      0 |   1761 |   5 |  415.2 |
  Orcish Mines |    874 |    759 |    115 |      0 |    557 |   2 |  437.0 |
   Elven Halls |   4011 |   3678 |    333 |    185 |   2021 |   3 | 1337.0 |
        Vaults |   6250 |   5752 |    498 |    164 |   3747 |   5 | 1250.0 |
         Crypt |   2402 |   2273 |    129 |      0 |   1364 |   3 |  800.7 |
          Tomb |    331 |    331 |      0 |      0 |    149 |   1 |  331.0 |
        Depths |   4121 |   3910 |    211 |      0 |   2717 |   4 | 1030.2 |
         Abyss |    464 |    464 |      0 |     54 |     93 |   1 |  464.0 |
        Bailey |    394 |    394 |      0 |      0 |     26 |   1 |  394.0 |
      Ice Cave |    225 |    225 |      0 |      0 |     93 |   1 |  225.0 |
       Volcano |    231 |    231 |      0 |      0 |     92 |   1 |  231.0 |
        Wizlab |    451 |    451 |      0 |      0 |     71 |   1 |  451.0 |
      Gauntlet |    386 |    386 |      0 |      0 |     58 |   1 |  386.0 |
               +--------+--------+--------+--------+--------+-----+--------+

Top non-repeatable levels by time:
   Elf:3: 1658 daAuts
Vaults:4: 1497 daAuts
Spider:2: 1412 daAuts
Vaults:5: 1400 daAuts
   Elf:2: 1364 daAuts
Vaults:2: 1303 daAuts
Depths:2: 1294 daAuts
  Lair:5: 1233 daAuts
Vaults:3: 1149 daAuts
Depths:4: 1117 daAuts
Spider:1: 1070 daAuts
    D:15: 1063 daAuts
 Crypt:3: 1033 daAuts
  Lair:3: 1001 daAuts
   Elf:1: 988 daAuts
